General information
			
			
        
        - name: BNet
 
        - type: Ladder 1vs1/FFA
 
        - host: Battle.net
 
        - saver: undeadplayer
 
        
map: TurtleRock 
        - players: 2
 
        - length: 51:25
 
        - speed: Fast
 - version: 1.22 W3XP
 - replay type:  Public
 
» download(143 KB)
Players
        team 1 (loser) 
              
              
DzirtDoUrden (
blue | 32 APM | 1644 actions | 51:23)
              
 6 Beastmaster 
 3 Summon Quilbeast
 2 Summon Bear
 1 Stampede
 5 Mountain King 
 2 Storm Bolt
 2 Thunder Clap
 1 Bash
 
                » actions 
                
                | Basic commands | 25 |  | 
| Build / train | 141 |  | 
| Enter build submenu | 52 |  | 
| Enter hero's abilities submenu | 11 |  | 
| Remove unit from queue | 7 |  | 
| Right click | 486 |  | 
| Select / deselect | 778 |  | 
| Use ability | 144 |  | 
                1644 total
 » units 
                
                | Peasant | 15 |  | 
| Footman | 6 |  | 
| Mortar Team | 16 |  | 
| Rifleman | 23 |  | 
| Flying Machine | 15 |  | 
| Siege Engine | 1 |  | 
                76 total
 » upgrades
                
                | Defend | 1 |  | 
| Gunpowder | 3 |  | 
| Armor | 3 |  | 
| Lumber Harvesting | 2 |  | 
| Fragmentation Shards | 1 |  | 
| Long Rifles | 1 |  | 
| Masonry | 2 |  | 
| Flak Cannons | 1 |  | 
                14 total
 » buildings
                
                | Barracks | 2 |  | 
| Farm | 17 |  | 
| Altar of Kings | 2 |  | 
| Arcane Vault | 2 |  | 
| Scout Tower | 10 |  | 
| Arcane Tower | 2 |  | 
| Lumber Mill | 3 |  | 
| Keep | 2 |  | 
| Blacksmith | 2 |  | 
| Workshop | 3 |  | 
| Town Hall | 2 |  | 
| Guard Tower | 7 |  | 
| Castle | 2 |  | 
                56 total
 » build order
                00:11 Barracks
00:16 Farm
01:06 Altar of Kings
01:28 Farm
01:56 Arcane Vault
02:09 Scout Tower
02:39 Arcane Tower
02:47 Lumber Mill
03:19 Farm
04:20 Farm
04:21 Keep
04:54 Blacksmith
05:28 Farm
06:38 Scout Tower
06:50 Workshop
07:52 Town Hall
09:11 Arcane Tower
09:47 Farm
10:39 Scout Tower
11:08 Guard Tower
11:11 Scout Tower
11:43 Guard Tower
12:15 Scout Tower
12:44 Guard Tower
12:55 Farm
15:35 Castle
16:34 Lumber Mill
18:35 Workshop
20:06 Farm
23:15 Keep
23:32 Scout Tower
24:08 Guard Tower
24:13 Scout Tower
24:17 Farm
25:02 Guard Tower
25:57 Workshop
29:05 Farm
29:08 Farm
29:27 Altar of Kings
29:33 Barracks
29:41 Lumber Mill
29:51 Farm
29:56 Arcane Vault
30:16 Blacksmith
30:57 Castle
32:16 Farm
32:19 Farm
32:40 Farm
33:11 Farm
33:32 Farm
38:19 Scout Tower
38:22 Scout Tower
38:44 Scout Tower
38:55 Guard Tower
41:32 Guard Tower
50:05 Town Hall
» items
                
                | Scroll of Regeneration | 3 |  | 
| Potion of Healing | 6 |  | 
| Potion of Mana | 4 |  | 
| Scroll of Town Portal | 1 |  | 
| Orb of Fire | 1 |  | 
| Ivory Tower | 3 |  | 
                18 total
  
               team 2 (winner) 
              
              
undeadplayer (
purple | 72 APM | 3695 actions | 51:25)
              
 7 Goblin Tinker 
 3 Cluster Rockets
 3 Engineering Upgrade
 1 Robo-Goblin
 
                » actions 
                
                | Assign group hotkey | 40 |  | 
| Basic commands | 278 |  | 
| Build / train | 126 |  | 
| ESC pressed | 2 |  | 
| Enter build submenu | 72 |  | 
| Enter hero's abilities submenu | 8 |  | 
| Right click | 1416 |  | 
| Select / deselect | 659 |  | 
| Select group hotkey | 942 |  | 
| Use ability | 152 |  | 
                3695 total
 » units 
                
                | Peasant | 24 |  | 
| Flying Machine | 44 |  | 
| Priest | 3 |  | 
                71 total
 » upgrades
                
                | Masonry | 3 |  | 
| Lumber Harvesting | 2 |  | 
| Gunpowder | 3 |  | 
| Plating | 3 |  | 
| Flying Machine Bombs | 1 |  | 
| Flak Cannons | 1 |  | 
| Swords | 1 |  | 
| Magic Sentry | 1 |  | 
                15 total
 » buildings
                
                | Lumber Mill | 4 |  | 
| Keep | 3 |  | 
| Scout Tower | 37 |  | 
| Altar of Kings | 4 |  | 
| Guard Tower | 18 |  | 
| Farm | 24 |  | 
| Blacksmith | 2 |  | 
| Castle | 2 |  | 
| Workshop | 9 |  | 
| Town Hall | 3 |  | 
| Arcane Vault | 2 |  | 
| Arcane Tower | 2 |  | 
| Arcane Sanctum | 1 |  | 
                111 total
 » build order
                01:04 Lumber Mill
01:49 Keep
01:49 Keep
02:03 Scout Tower
02:04 Scout Tower
02:05 Scout Tower
02:24 Altar of Kings
02:38 Guard Tower
02:54 Scout Tower
02:58 Scout Tower
03:00 Scout Tower
03:05 Guard Tower
03:11 Farm
03:14 Farm
03:25 Farm
03:30 Guard Tower
03:56 Guard Tower
04:32 Guard Tower
04:45 Blacksmith
04:55 Farm
04:57 Guard Tower
05:35 Castle
05:35 Castle
06:00 Workshop
06:19 Workshop
06:33 Workshop
07:43 Lumber Mill
07:55 Lumber Mill
08:58 Farm
09:54 Lumber Mill
11:35 Farm
11:36 Farm
13:25 Town Hall
14:05 Arcane Vault
14:46 Farm
14:47 Farm
16:22 Workshop
18:12 Scout Tower
18:13 Scout Tower
18:14 Scout Tower
19:49 Guard Tower
20:00 Scout Tower
20:01 Scout Tower
20:01 Scout Tower
20:02 Scout Tower
20:03 Scout Tower
20:36 Farm
20:37 Farm
20:38 Farm
20:40 Farm
21:26 Altar of Kings
21:34 Farm
21:35 Farm
21:54 Farm
21:54 Farm
22:35 Farm
22:36 Farm
22:52 Scout Tower
22:53 Scout Tower
22:54 Scout Tower
22:56 Scout Tower
22:56 Scout Tower
22:57 Scout Tower
22:58 Scout Tower
23:00 Guard Tower
23:46 Guard Tower
25:00 Blacksmith
26:30 Town Hall
28:08 Keep
28:11 Altar of Kings
28:39 Altar of Kings
28:50 Scout Tower
28:51 Scout Tower
28:52 Scout Tower
28:55 Scout Tower
28:56 Scout Tower
29:13 Scout Tower
29:13 Scout Tower
29:26 Farm
29:27 Farm
29:37 Guard Tower
29:39 Scout Tower
29:39 Scout Tower
29:40 Scout Tower
29:40 Scout Tower
30:07 Guard Tower
30:07 Guard Tower
30:10 Guard Tower
30:34 Guard Tower
30:36 Guard Tower
30:46 Workshop
32:05 Workshop
32:09 Workshop
34:10 Workshop
34:10 Workshop
37:59 Town Hall
38:24 Arcane Vault
38:38 Arcane Tower
39:15 Farm
39:15 Farm
42:20 Arcane Sanctum
42:24 Arcane Tower
42:59 Scout Tower
43:00 Scout Tower
43:01 Scout Tower
43:03 Scout Tower
43:04 Scout Tower
44:18 Guard Tower
44:19 Guard Tower
44:47 Guard Tower
» items
                 
                Chat log
          (00:08 / All) undeadplayer: dessert d urden
(06:07 / All) undeadplayer: 2 down
(06:09 / All) undeadplayer: 5 to go
(28:26 / All) undeadplayer: gg
(31:31 / All) undeadplayer: gg
(51:19 / All) DzirtDoUrden: good game
(51:23 / All) undeadplayer: gg